| TOP OF THE 1ST |
|
Connecticut Tigers batting - Pitching for Los Angeles (NYP) Angels : LHP Jon Curtis
|
|
Pitching: LHP Jon Curtis
|
|
|
Batting: RHB Brandon O'Malley
|
0-0: Called Strike 0-1: Called Strike 0-2: Ball 1-2: Ball 2-2: Foul Ball, location: 2F 2-2: Ball 3-2: Base on Balls
|
|
Batting: SHB Adam Weber
|
0-0: Ball 1-0: Ball Wild Pitch! Brandon O'Malley to second 2-0: Ball 3-0: Foul Ball, location: 2F 3-1: Foul Ball, location: 2F 3-2: Foul Ball, location: 2F 3-2: Foul Ball, location: 2F 3-2: Foul Ball, location: 2F 3-2: DOUBLE (Line Drive, 5D, EV 108.1 MPH) Brandon O'Malley scores
|
|
Batting: RHB Eric Angelle
|
0-0: Called Strike 0-1: Foul Ball, location: 2F 0-2: Ball 1-2: Ball 2-2: Ground out 5-3 (Groundball, 56, EV 97.5 MPH)
|
|
Batting: RHB Mike Patterson
|
0-0: Called Strike 0-1: Swinging Strike 0-2: Strikes out swinging
|
|
Batting: RHB Tanner Purchase
|
0-0: Called Strike 0-1: Called Strike 0-2: Ball 1-2: Strikes out swinging
|
| Top of the 1st over - 1 run, 1 hit, 0 errors, 1 left on base; Connecticut 1 - Los Angeles (NYP) 0 |
| BOTTOM OF THE 1ST |
|
Los Angeles (NYP) Angels batting - Pitching for Connecticut Tigers : RHP Andy Miller
|
|
Pitching: RHP Andy Miller
|
|
|
Batting: RHB Randy Grewe
|
0-0: Called Strike 0-1: Ground out U3 (Groundball, 34, EV 99.4 MPH)
|
|
Batting: RHB Steve Hasson
|
0-0: Ball 1-0: Ball 2-0: Ball 3-0: Base on Balls
|
|
Batting: RHB Jon Griffin
|
0-0: Ball 1-0: Called Strike 1-1: Ball 2-1: Ball 3-1: Swinging Strike 3-2: Foul Ball, location: 2F 3-2: Grounds into double play, 5-4-3 (Groundball, 56S, EV 91.2 MPH)
|
| Bottom of the 1st over - 0 runs, 0 hits, 0 errors, 0 left on base; Connecticut 1 - Los Angeles (NYP) 0 |
| TOP OF THE 2ND |
|
Connecticut Tigers batting - Pitching for Los Angeles (NYP) Angels : LHP Jon Curtis
|
|
Batting: RHB Jordan Hall
|
0-0: Called Strike 0-1: Swinging Strike 0-2: Strikes out looking
|
|
Batting: RHB Billy Verdusco
|
0-0: Ball 1-0: Foul Ball, location: 2F 1-1: SINGLE (Groundball, 4D, EV 106.2 MPH)
|
|
Batting: RHB Jeremy Guidone
|
0-0: Foul Ball, location: 2F 0-1: Called Strike 0-2: Ball 1-2: Strikes out swinging
|
|
Batting: SHB Dan Crutchfield
|
0-0: Ball 1-0: Called Strike 1-1: Called Strike 1-2: Ball 2-2: Strikes out swinging
|
| Top of the 2nd over - 0 runs, 1 hit, 0 errors, 1 left on base; Connecticut 1 - Los Angeles (NYP) 0 |
| BOTTOM OF THE 2ND |
|
Los Angeles (NYP) Angels batting - Pitching for Connecticut Tigers : RHP Andy Miller
|
|
Batting: SHB Conor Davies
|
0-0: Called Strike 0-1: Fly out, F9 (Flyball, 9, EV 90.6 MPH)
|
|
Batting: RHB John Beddow
|
0-0: Ball 1-0: Called Strike 1-1: Ball 2-1: Foul Ball, location: 2F 2-2: Ball 3-2: Base on Balls
|
|
Batting: RHB Tsega Haida
|
0-0: Called Strike 0-1: Called Strike 0-2: Ball 1-2: Strikes out swinging
|
|
Batting: RHB Steve Hughey
|
0-0: Ground out 4-3 (Groundball, 4, EV 85.0 MPH)
|
| Bottom of the 2nd over - 0 runs, 0 hits, 0 errors, 1 left on base; Connecticut 1 - Los Angeles (NYP) 0 |
| TOP OF THE 3RD |
|
Connecticut Tigers batting - Pitching for Los Angeles (NYP) Angels : LHP Jon Curtis
|
|
Batting: RHB Brandon O'Malley
|
0-0: Ball 1-0: Called Strike 1-1: Fly out, F7 (Flyball, 7LM, EV 91.2 MPH)
|
|
Batting: SHB Adam Weber
|
0-0: Ball 1-0: Called Strike 1-1: Swinging Strike 1-2: Foul Ball, location: 2F 1-2: Strikes out swinging
|
|
Batting: RHB Eric Angelle
|
0-0: Swinging Strike 0-1: Ball 1-1: Ball 2-1: Fly out, F8 (Flyball, 8LXD, EV 91.9 MPH)
|
| Top of the 3rd over - 0 runs, 0 hits, 0 errors, 0 left on base; Connecticut 1 - Los Angeles (NYP) 0 |
| BOTTOM OF THE 3RD |
|
Los Angeles (NYP) Angels batting - Pitching for Connecticut Tigers : RHP Andy Miller
|
|
Batting: RHB Jeff Long
|
0-0: Called Strike 0-1: Called Strike 0-2: Ball 1-2: Ball 2-2: Foul Ball, location: 2F 2-2: Ground out 5-3 (Groundball, 56, EV 83.1 MPH)
|
|
Batting: RHB D.J. Martinez
|
0-0: Called Strike 0-1: Swinging Strike 0-2: Fly out, F5 (Flyball, 5D, EV 88.8 MPH)
|
|
Batting: RHB Randy Grewe
|
0-0: Called Strike 0-1: Ball 1-1: Fly out, F9 (Flyball, 89D, EV 103.8 MPH)
|
| Bottom of the 3rd over - 0 runs, 0 hits, 0 errors, 0 left on base; Connecticut 1 - Los Angeles (NYP) 0 |
| TOP OF THE 4TH |
|
Connecticut Tigers batting - Pitching for Los Angeles (NYP) Angels : LHP Jon Curtis
|
|
Batting: RHB Mike Patterson
|
0-0: Ball 1-0: Called Strike 1-1: Foul Ball, location: 2F 1-2: SINGLE (Flyball, 8LS, EV 86.9 MPH)
|
|
Batting: RHB Tanner Purchase
|
0-0: Ball 1-0: Foul Ball, location: 2F 1-1: Foul Ball, location: 2F 1-2: Strikes out looking
|
|
Batting: RHB Jordan Hall
|
0-0: Called Strike 0-1: SINGLE (Groundball, 6D, EV 105.6 MPH) Mike Patterson to second
|
|
Batting: RHB Billy Verdusco
|
0-0: Grounds into double play, 3-6-1 (Groundball, 34S, EV 83.1 MPH)
|
| Top of the 4th over - 0 runs, 2 hits, 0 errors, 1 left on base; Connecticut 1 - Los Angeles (NYP) 0 |
| BOTTOM OF THE 4TH |
|
Los Angeles (NYP) Angels batting - Pitching for Connecticut Tigers : RHP Andy Miller
|
|
Batting: RHB Steve Hasson
|
0-0: Ball 1-0: Ground out 5-3 (Groundball, 56, EV 80.0 MPH)
|
|
Batting: RHB Jon Griffin
|
0-0: Ball 1-0: Fly out, F8 (Flyball, 78D, EV 108.1 MPH)
|
|
Batting: SHB Conor Davies
|
0-0: Fly out, F8 (Flyball, 8RXD, EV 103.1 MPH)
|
| Bottom of the 4th over - 0 runs, 0 hits, 0 errors, 0 left on base; Connecticut 1 - Los Angeles (NYP) 0 |
| TOP OF THE 5TH |
|
Connecticut Tigers batting - Pitching for Los Angeles (NYP) Angels : LHP Jon Curtis
|
|
Batting: RHB Jeremy Guidone
|
0-0: Ball 1-0: Called Strike 1-1: Ball 2-1: Foul Ball, location: 2F 2-2: Strikes out looking
|
|
Batting: SHB Dan Crutchfield
|
0-0: Ball 1-0: Called Strike 1-1: Called Strike 1-2: Ball 2-2: Foul Ball, location: 2F 2-2: Strikes out swinging
|
|
Batting: RHB Brandon O'Malley
|
0-0: Called Strike 0-1: Ball 1-1: Swinging Strike 1-2: SINGLE (Flyball, 5D, EV 90.0 MPH)
|
|
Batting: SHB Adam Weber
|
0-0: Ball 1-0: Ball 2-0: Foul Ball, location: 2F 2-1: Fielders Choice at 2nd, 5-4 (Groundball, 56, EV 102.5 MPH)
|
| Top of the 5th over - 0 runs, 1 hit, 0 errors, 1 left on base; Connecticut 1 - Los Angeles (NYP) 0 |
| BOTTOM OF THE 5TH |
|
Los Angeles (NYP) Angels batting - Pitching for Connecticut Tigers : RHP Andy Miller
|
|
Batting: RHB John Beddow
|
0-0: Foul Ball, location: 2F 0-1: Called Strike 0-2: Ball 1-2: Foul Ball, location: 2F 1-2: Strikes out swinging
|
|
Batting: RHB Tsega Haida
|
0-0: Ball 1-0: Ball 2-0: Called Strike 2-1: Ball 3-1: DOUBLE (Flyball, 9LD, EV 97.5 MPH)
|
|
Batting: RHB Steve Hughey
|
0-0: Called Strike 0-1: Called Strike 0-2: Hit by Pitch
|
|
Batting: RHB Jeff Long
|
0-0: Fly out, F7 (Flyball, 7LM, EV 96.2 MPH)
|
|
Batting: RHB D.J. Martinez
|
0-0: Ball 1-0: Called Strike 1-1: Foul Ball, location: 2F 1-2: Strikes out swinging
|
| Bottom of the 5th over - 0 runs, 1 hit, 0 errors, 2 left on base; Connecticut 1 - Los Angeles (NYP) 0 |
| TOP OF THE 6TH |
|
Connecticut Tigers batting - Pitching for Los Angeles (NYP) Angels : LHP Jon Curtis
|
|
Batting: RHB Eric Angelle
|
0-0: Ball 1-0: Fly out, F8 (Flyball, 8LS, EV 78.1 MPH)
|
|
Batting: RHB Mike Patterson
|
0-0: Called Strike 0-1: Swinging Strike 0-2: Foul Ball, location: 2F 0-2: Ground out 6-3 (Groundball, 6, EV 109.4 MPH)
|
|
Batting: RHB Tanner Purchase
|
0-0: Called Strike 0-1: Called Strike 0-2: Ball 1-2: Strikes out swinging
|
| Top of the 6th over - 0 runs, 0 hits, 0 errors, 0 left on base; Connecticut 1 - Los Angeles (NYP) 0 |
| BOTTOM OF THE 6TH |
|
Los Angeles (NYP) Angels batting - Pitching for Connecticut Tigers : RHP Andy Miller
|
|
Batting: RHB Randy Grewe
|
0-0: Ball 1-0: Ball 2-0: Swinging Strike 2-1: Ball 3-1: TRIPLE (Flyball, 89XD, EV 96.2 MPH)
|
|
Batting: RHB Steve Hasson
|
0-0: Ground out 4-3 (Groundball, 4M, EV 103.1 MPH)
|
|
Batting: RHB Jon Griffin
|
0-0: SINGLE (Line Drive, 6, EV 96.2 MPH) Randy Grewe scores
|
|
Pitching: RHP Justin Packard
|
|
|
Batting: SHB Conor Davies
|
0-0: Called Strike 0-1: Called Strike 0-2: Foul Ball, location: 2F 0-2: Reached on error, E3 (Flyball, 3D, EV 88.1 MPH) Jon Griffin to second
|
|
Batting: RHB John Beddow
|
0-0: Called Strike 0-1: Ball 1-1: Foul Ball, location: 2F 1-2: Grounds into double play, 6-4-3 (Groundball, 6, EV 99.4 MPH)
|
| Bottom of the 6th over - 1 run, 2 hits, 1 error, 1 left on base; Connecticut 1 - Los Angeles (NYP) 1 |
| TOP OF THE 7TH |
|
Connecticut Tigers batting - Pitching for Los Angeles (NYP) Angels : LHP Jon Curtis
|
|
Pitching: LHP Alex Pulido
|
|
|
Batting: RHB Jordan Hall
|
0-0: Ball 1-0: Ball 2-0: Swinging Strike 2-1: Fly out, F9 (Line Drive, 9D, EV 91.9 MPH)
|
|
Batting: RHB Billy Verdusco
|
0-0: Called Strike 0-1: Ball 1-1: Ground out 4-3 (Groundball, 4, EV 85.6 MPH)
|
|
Batting: RHB Jeremy Guidone
|
0-0: Ball 1-0: Foul Ball, location: 2F 1-1: Foul Ball, location: 2F 1-2: DOUBLE (Line Drive, 9LD, EV 106.2 MPH)
|
|
Batting: SHB Dan Crutchfield
|
0-0: Ball 1-0: Foul Ball, location: 2F 1-1: Fly out, F3 (Popup, 3SF, EV 79.4 MPH)
|
| Top of the 7th over - 0 runs, 1 hit, 0 errors, 1 left on base; Connecticut 1 - Los Angeles (NYP) 1 |
| BOTTOM OF THE 7TH |
|
Los Angeles (NYP) Angels batting - Pitching for Connecticut Tigers : RHP Justin Packard
|
|
Batting: RHB Tsega Haida
|
0-0: Called Strike 0-1: Called Strike 0-2: Ball 1-2: Foul Ball, location: 2F 1-2: Foul Ball, location: 2F 1-2: Foul Ball, location: 2F 1-2: Ground out 5-3 (Groundball, 56, EV 110.0 MPH)
|
|
Batting: RHB Steve Hughey
|
0-0: Ball 1-0: Ball 2-0: Ball 3-0: Called Strike 3-1: Base on Balls
|
|
Batting: RHB Jeff Long
|
0-0: Called Strike 0-1: Fielders Choice at 2nd, 6-4 (Groundball, 6M, EV 97.5 MPH)
|
|
Batting: RHB D.J. Martinez
|
0-0: Called Strike 0-1: Called Strike 0-2: Ball 1-2: Ball 2-2: Fielders Choice at 2nd, 6-4 (Groundball, 6, EV 109.4 MPH)
|
| Bottom of the 7th over - 0 runs, 0 hits, 0 errors, 1 left on base; Connecticut 1 - Los Angeles (NYP) 1 |
| TOP OF THE 8TH |
|
Connecticut Tigers batting - Pitching for Los Angeles (NYP) Angels : LHP Alex Pulido
|
|
Pitching: RHP Pete Warren
|
|
|
Batting: RHB Brandon O'Malley
|
0-0: Foul Ball, location: 2F 0-1: Foul Ball, location: 2F 0-2: SINGLE (Groundball, 56D, EV 105.6 MPH)
|
|
Batting: SHB Adam Weber
|
0-0: Ball 1-0: Bunted foul 1-1: Sac Bunt to 23 - play at first, batter OUT! 3-4 Brandon O'Malley to second
|
|
Batting: RHB Eric Angelle
|
0-0: Intentional Walk
|
|
Batting: RHB Mike Patterson
|
0-0: Foul Ball, location: 2F 0-1: Ball 1-1: Grounds into double play, 5-4-3 (Groundball, 5, EV 91.9 MPH)
|
| Top of the 8th over - 0 runs, 1 hit, 0 errors, 1 left on base; Connecticut 1 - Los Angeles (NYP) 1 |
| BOTTOM OF THE 8TH |
|
Los Angeles (NYP) Angels batting - Pitching for Connecticut Tigers : RHP Justin Packard
|
|
Pitching: LHP Neil Palazzo
|
|
|
Batting: RHB Randy Grewe
|
0-0: Ball 1-0: Called Strike 1-1: Ball 2-1: Ball 3-1: Base on Balls
|
|
Batting: RHB Steve Hasson
|
0-0: Ball Randy Grewe steals 2nd base 1-0: Ball Wild Pitch! Randy Grewe to third 2-0: Foul Ball, location: 2F 2-1: Ground out 6-3 (Groundball, 6, EV 83.1 MPH)
|
|
Batting: RHB Jon Griffin
|
0-0: Ball 1-0: Ball 2-0: Fly out, F9 (Flyball, 89D, EV 106.9 MPH) Runner from 3rd tags up, SCORES, no throw by RF
|
|
Batting: SHB Conor Davies
|
0-0: Ball 1-0: Ball 2-0: Called Strike 2-1: Foul Ball, location: 2F 2-2: Fly out, F4 (Popup, 4D, EV 54.4 MPH)
|
| Bottom of the 8th over - 1 run, 0 hits, 0 errors, 0 left on base; Connecticut 1 - Los Angeles (NYP) 2 |
| TOP OF THE 9TH |
|
Connecticut Tigers batting - Pitching for Los Angeles (NYP) Angels : RHP Pete Warren
|
|
Pitching: RHP Chris Petrey
|
|
|
Batting: RHB Tanner Purchase
|
0-0: Ball 1-0: Called Strike 1-1: Foul Ball, location: 2F 1-2: Foul Ball, location: 2F 1-2: Ball 2-2: Ball 3-2: Base on Balls
|
|
Batting: RHB Jordan Hall
|
0-0: Reached on error, E1 (Groundball, 13S, EV 43.8 MPH) Tanner Purchase to third
|
|
Batting: RHB Billy Verdusco
|
0-0: Intentional Walk
|
|
Pinch Hitting: LHB Miguel Bojorquez
|
0-0: Called Strike 0-1: Called Strike 0-2: Strikes out swinging
|
|
Batting: SHB Dan Crutchfield
|
0-0: Ball 1-0: Grounds into fielders choice 4-2 (Groundball, 4, EV 96.2 MPH) Jordan Hall to third Billy Verdusco to second
|
|
Batting: RHB Brandon O'Malley
|
0-0: Called Strike 0-1: Ball 1-1: Ball 2-1: Ball 3-1: Called Strike 3-2: Foul Ball, location: 2F 3-2: Ground out 6-3 (Groundball, 6S, EV 82.5 MPH)
|
| Top of the 9th over - 0 runs, 0 hits, 1 error, 3 left on base; Connecticut 1 - Los Angeles (NYP) 2 |
|